 Dungeon Crawl Stone Soup version 0.32-a0-768-g0f6f1dd4b9 (webtiles) character file.

Game seed: 11817074746319649711

88 Griffin23 the Covered (level 4, -6/41 HPs)
             Began as a Minotaur Fighter on Mar 19, 2024.
             Was a Follower of Wu Jian.
             Succumbed to their own poison gas
             ... on level 2 of the Dungeon.
             The game lasted 00:02:07 (2714 turns).

Griffin23 the Covered (Minotaur Fighter)            Turns: 2714, Time: 00:02:07

Health: -6/41      AC: 10    Str: 22    XL:     4   Next: 30%
Magic:  3/3        EV:  7    Int: 11    God:    Wu Jian [*.....]
Gold:   128        SH:  4    Dex: 10    Spells: 3/3 levels left

rFire   . . .        a - +0 long sword
rCold   . . .        c - +0 buckler
rNeg    . . .        j - +0 chain mail
rPois   .            (helmet restricted)
rElec   .            (no cloak)
rCorr   .            (no gloves)
SInv    .            n - +0 pair of boots
Will    .....        (no amulet) Stlth
                     k - +6 ring of intelligence
HPRegen 0.26/turn    (no ring)
MPRegen 0.08/turn

%: no passive effects
@: lethally poisoned (-6 -> -54)
A: horns 2, retaliatory headbutt
a: Renounce Religion


You were on level 2 of the Dungeon.
You worshipped Wu Jian.
Wu Jian was aware of your devotion.
You visited 1 branch of the dungeon, and saw 2 of its levels.

You collected 128 gold pieces.

Inventory:

Hand Weapons
 a - a +0 long sword (weapon)
Armour
 b - a +0 scale mail
 c - a +0 buckler (worn)
 j - a +0 chain mail (worn)
 n - a +0 pair of boots (worn)
Jewellery
 k - a +6 ring of intelligence (left hand)
Potions
 d - a potion of might
 e - a potion of mutation {unknown}
 g - a potion of haste
 l - a potion of heal wounds {unknown}
 m - a potion of brilliance {unknown}


   Skills:
 + Level 4.4 Fighting
 + Level 3.4 Long Blades
 + Level 4.4 Armour
 + Level 4.4 Shields


You had 3 spell levels left.
You didn't know any spells.
Your spell library contained the following spells:

 Spells                   Type           Power      Damage    Failure   Level
 Summon Small Mammal      Summ           0%         N/A       95%         1
 Blink                    Tloc           0%         N/A       99%         2
 Lesser Beckoning         Tloc           0%         N/A       99%         2
 Momentum Strike          Conj/Tloc      0%         3d8       99%         2
 Call Canine Familiar     Summ           0%         N/A       100%        3
 Sigil of Binding         Hex            0%         N/A       100%        3
 Dimensional Bullseye     Hex/Tloc       0%         N/A       100%        4


Dungeon Overview and Level Annotations

Branches:
Dungeon (2/15)

Altars:
Wu Jian


Innate Abilities, Weirdness & Mutations

You have a pair of horns on your head.
You reflexively headbutt those who attack you in melee.


Message History

You start waiting.
Done waiting.
You start waiting.
Done waiting.
You start waiting.
Done waiting.
You start waiting.
Done waiting.
You start waiting.
Done waiting.
You start waiting.
Done waiting.
You start waiting.
Done waiting.
You start waiting.
Done waiting.
You see here a jackal skeleton.
You see here a jackal skeleton.
There are no objects that can be picked up here. a jackal skeleton
There are no items here.
There are no items here.
You start waiting.
Done waiting.
Okay, then.
The air fills with toxic fumes!
As you read the scroll of poison, it crumbles to dust.
You are engulfed in poison gas.
You are poisoned.
You feel very sick.
You are engulfed in poison gas.
You are more poisoned.
You feel extremely sick.
You are engulfed in poison gas.
You are more poisoned.
* * * LOW HITPOINT WARNING * * *
You feel extremely sick.
You are engulfed in poison gas.
You are more poisoned.
* * * LOW HITPOINT WARNING * * *
You die...

###.# #...# #.#.# #.#.# #.#.#
########## #.#.#
#§§§§#§§§#####.#.# #
#§§§§§§§§§§§...#.#
##############§§@§§§§§#######.#
............§§§§§§§.§§§§§...#.###
##########.###§§§§#§§§#§###.#.##.
# #.....##§§§.#§§§#####.#.##. #
#.....§§§§....§§§..##.#.##. #
###.....§###.#######.##.#.##.
#####......#.# #.# #.##.#....
......#......# #.# #.##.####.
...#..#......# #.# #.##.#..<.


There were no monsters in sight!

Vanquished Creatures
  Terence (D:2)
  2 adders (D:2)
  2 dart slugs (D:2)
  An orc (D:2)
  4 ball pythons
  4 endoplasms
  2 giant cockroaches (D:2)
  2 goblins
  6 hobgoblins
  2 jackals (D:2)
  2 quokkas
  4 bats
  3 frilled lizards
  3 kobolds
  2 rats (D:2)
40 creatures vanquished.

Notes
Turn   | Place    | Note
-------+----------+-------------------------------------------
     0 | D:1      | Griffin23 the Minotaur Fighter began the quest for the Orb.
     0 | D:1      | Reached XP level 1. HP: 19/19 MP: 0/0
   148 | D:1      | Reached XP level 2. HP: 26/27 MP: 1/1
   406 | D:1      | You fall into a shaft and drop 1 floor!
   690 | D:2      | Reached XP level 3. HP: 25/33 MP: 2/2
   991 | D:2      | Noticed Terence
   998 | D:2      | Killed Terence
   999 | D:2      | Reached XP level 4. HP: 20/41 MP: 3/3
  1092 | D:2      | Found a faded altar of an unknown god.
  1140 | D:2      | Got Plato's Directory of Altruism
  1395 | D:2      | Prayed at the altar of an unknown god.
  1395 | D:2      | Became a worshipper of the Wu Jian Council
  1395 | D:2      | Reached * piety under Wu Jian
  2714 | D:2      | Succumbed to their own poison gas

Illustrated notes

Levels and vault maps discovered:
D:1:      dpeg_arrival_long_road, layout_loops_ring, minmay_misc_feat_alley,
          nrook_uturn, minmay_misc_feat_secret_circle, minivault_23
D:2:      minmay_razor_zed, layout_basic, shapermc_ecumenical_altar_rom_forum,
          uniq_terence

Skill      XL: |  1  2 |
---------------+-------+-----
Armour         | 4 |  4.4
Fighting       | 4 |  4.4
Long Blades    | 3 |  3.4
Shields        | 4 |  4.4

Action                     |  1- 3 |  4- 6 || total
---------------------------+-------+-------++-------
  Melee: Long sword        |    80 |    24 ||   104
         Headbutt          |     9 |     5 ||    14
    Use: Scroll            |       |     5 ||     5
 Armour: Scale mail        |    63 |     3 ||    66
         Chain mail        |       |    12 ||    12
  Dodge: Dodged            |    43 |     7 ||    50
  Block: Buckler           |    21 |     5 ||    26

Table legend: (Time is in decaauts)
 A = Elapsed time spent in this place.
 B = Non-inter-level travel time spent in this place.
 C = Inter-level travel time spent in this place.
 D = Time resting spent in this place.
 E = Time spent auto-exploring this place.
 F = Levels seen in this place.
 G = Mean time per level.
                   A        B        C        D        E       F      G
               +--------+--------+--------+--------+--------+-----+--------+
         Total |   2742 |   2640 |    102 |    900 |   1470 |   2 | 1371.0 |
       Dungeon |   2742 |   2640 |    102 |    900 |   1470 |   2 | 1371.0 |
               +--------+--------+--------+--------+--------+-----+--------+

Top non-repeatable levels by time:
     D:2: 2327 daAuts
     D:1: 414 daAuts
